 Dungeon Crawl Stone Soup version 0.24.0-123-gd5b16e6ec5 (webtiles) character file.

Game seed: 17262237069316362931, levelgen mode: deterministic

95235 Goreval the Unseen (level 15, -3/89 HPs)
             Began as a Spriggan Enchanter on Dec 15, 2019.
             Was an Elder of Uskayaw.
             Killed from afar by a swamp worm (15 damage)
             ... with a harpoon shot
             ... on level 1 of the Swamp on Dec 16, 2019.
             The game lasted 02:52:39 (34265 turns).

Goreval the Unseen (Spriggan Enchanter)            Turns: 34265, Time: 02:52:40

Health: -3/89      AC:  9    Str:  3      XL:     15   Next: 65%
Magic:  27/34      EV: 32    Int: 32 (34) God:    Uskayaw [****..]
Gold:   1200       SH:  0    Dex: 19 (21) Spells: 7/26 levels left

rFire    + . .     SeeInvis +   b - +4 quick blade of Wuats {freeze, rC- MP+9 Int+5 Dex+2}
rCold    . . .     Gourm    .   (shield restricted)
rNeg     . . .     Faith    .   p - +1 steam dragon scales
rPois    +         Spirit   .   (helmet restricted)
rElec    +         Reflect  .   I - +2 cloak
rCorr    .         Harm     .   (gloves unavailable)
MR       ++...                  (boots unavailable)
Stlth    +++++++...             X - amulet of Vitality {Regen+ HP+15}
HPRegen  0.64/turn              S - ring of Doubt {+Fly rPois Str+3 Int+5}
MPRegen  0.24/turn              g - ring of the Shining One's Hope {rElec rPois rF+ Int+3}

@: very quick
A: very small, unfitting armour, hooves 1, see invisible, cold resistance 1,
herbivore, speed 3, slow metabolism 2, weak 2, MP-powered wands
a: Stomp, Line Pass, Renounce Religion, Evoke Flight


You were on level 1 of the Swamp.
You worshipped Uskayaw.
Uskayaw was aware of your devotion.
You were not hungry.

You visited 5 branches of the dungeon, and saw 25 of its levels.
You also visited: Ossuary, Ice Cave and Volcano.

You collected 3084 gold pieces.
You spent 1884 gold pieces at shops.

Inventory:

Hand Weapons
 a - a +3 dagger of venom
 b - the +4 quick blade of Wuats (weapon) {freeze, rC- MP+9 Int+5 Dex+2}
   (You found it on level 2 of the Orcish Mines)

   It has been specially enchanted to freeze those struck by it, causing extra
   injury to most foes and up to half again as much damage against particularly
   susceptible opponents.
   It can also slow down cold-blooded creatures.
   It affects your intelligence (+5).
   It affects your dexterity (+2).
   It makes you vulnerable to cold.
   It affects your magic capacity (+9).
Missiles
 n - 472 stones (quivered)
 D - 3 throwing nets
Armour
 p - +1 steam dragon scales (worn)
 I - a +2 cloak (worn)
Jewellery
 c - an uncursed ring of wizardry
 g - the ring of the Shining One's Hope (right hand) {rElec rPois rF+ Int+3}
   (You bought it in a shop on level 12 of the Dungeon)

   [ring of protection from fire]

   It affects your intelligence (+3).
   It protects you from fire.
   It insulates you from electricity.
   It protects you from poison.
 o - an uncursed amulet of the acrobat
 B - a +2 ring of protection
 E - an uncursed amulet of faith
 J - an uncursed ring of protection from cold
 L - an uncursed ring of stealth
 N - an uncursed ring of positive energy
 R - an uncursed ring of protection from fire
 S - the ring of Doubt (left hand) {+Fly rPois Str+3 Int+5}
   (You bought it in a shop on level 12 of the Dungeon)

   [ring of flight]

   It affects your strength (+3).
   It affects your intelligence (+5).
   It protects you from poison.
   It lets you fly.
 V - a +6 amulet of reflection
 X - the amulet of Vitality (around neck) {Regen+ HP+15}
   (You found it on level 5 of the Lair of Beasts)

   [amulet of regeneration]

   It affects your health (+15).
   It increases your rate of regeneration.
 Y - an uncursed ring of positive energy
 Z - an uncursed ring of protection from fire
Wands
 i - a wand of polymorph (22)
 k - a wand of acid (35)
 y - a wand of paralysis (14)
 T - a wand of iceblast (17)
 U - a wand of enslavement (7)
Scrolls
 f - 14 scrolls of remove curse
 l - 10 scrolls of teleportation
 m - 4 scrolls of blinking
 q - 6 scrolls of magic mapping
 u - 3 scrolls of fear
 v - 7 scrolls of immolation
 w - 3 scrolls of amnesia
 F - 3 scrolls of acquirement
 G - 3 scrolls of torment
 H - a scroll of fog
 K - a scroll of enchant weapon
 M - 8 scrolls of identify
 W - 2 scrolls of enchant armour
Potions
 e - 7 potions of curing
 h - a potion of brilliance
 j - 7 potions of haste
 r - a potion of invisibility
 s - 2 potions of lignification
 t - 4 potions of might
 x - 9 potions of agility
 A - 5 potions of berserk rage
 C - 3 potions of cancellation
 O - a potion of resistance
 P - a potion of ambrosia
 Q - 3 potions of magic
Comestibles
 d - 24 rations


   Skills:
 + Level 6.3 Fighting
 - Level 17.0 Short Blades
 + Level 14.7 Dodging
 + Level 19.3 Stealth
 - Level 6.0 Spellcasting
 - Level 13.0 Hexes
 * Level 1.2 Translocations
 + Level 8.5 Invocations


You had 7 spell levels left.
You knew the following spells:

 Your Spells              Type           Power        Failure   Level  Hunger
a - Ensorcelled Hibernat  Hex/Ice        ######       1%          2    None
b - Confuse               Hex            #######.     1%          3    None
c - Dazzling Spray        Conj/Hex       ######       1%          3    None
d - Tukima's Dance        Hex            #######.     1%          3    None
e - Invisibility          Hex            #######.     3%          6    ######.
n - Blink                 Tloc           N/A          4%          2    None

Your spell library contained the following spells:

 Spells                   Type           Power        Failure   Level  Hunger
 Corona                   Hex            #######      1%          1    None
 Slow                     Hex            #######.     1%          2    None
 Inner Flame              Hex/Fire       ######..     1%          3    None
 Portal Projectile        Hex/Tloc       ######       1%          3    None
 Cause Fear               Hex            #######...   1%          4    ##.....
 Apportation              Tloc           ###...       2%          1    None
 Leda's Liquefaction      Hex/Erth       ######....   3%          4    ##.....
 Animate Skeleton         Necr           N/A          4%          1    None
 Flame Tongue             Conj/Fire      #....        4%          1    None
 Pain                     Necr           #...         4%          1    None
 Summon Butterflies       Summ           #.......     4%          1    None
 Shroud of Golubria       Chrm/Tloc      ##....       5%          2    None
 Throw Flame              Conj/Fire      #.....       7%          2    None
 Gell's Gravitas          Tloc           ###.......   9%          3    None
 Lesser Beckoning         Tloc           ###.......   9%          3    None
 Teleport Other           Tloc           ###.....     9%          3    None
 Conjure Flame            Conj/Fire      #.......     14%         3    None
 Regeneration             Chrm/Necr      #.........   14%         3    None
 Vampiric Draining        Necr           #.........   14%         3    None
 Passage of Golubria      Tloc           N/A          28%         4    ##.....
 Animate Dead             Necr           N/A          41%         4    ##.....
 Sticky Flame             Conj/Fire      #.......     41%         4    ##.....
 Alistair's Intoxication  Tmut/Pois      #.......     77%         5    #####..
 Fireball                 Conj/Fire      #.........   77%         5    #####..
 Poison Arrow             Conj/Pois      #.........   100%        6    ######.
 Chain Lightning          Conj/Air       #.........   100%        8    #######
 Lehudib's Crystal Spear  Conj/Erth      #.........   100%        8    #######
 Fire Storm               Conj/Fire      #.........   100%        9    #######
 Glaciate                 Conj/Ice       #.........   100%        9    #######


Dungeon Overview and Level Annotations

Branches:
Dungeon (15/15)            Temple (1/1) D:4            Lair (6/6) D:11
  Swamp (1/4) Lair:4       Spider (0/4) Lair:4        Slime (0/5) Lair:5
    Orc (2/2) D:10            Elf (0/3) Orc:2        Vaults (0/5) D:14
 Depths (0/5) D:15        Ossuary (visited)           IceCv (visited)
Volcano (visited)

Altars:
Ashenzari
Cheibriados
Dithmenos
Elyvilon
Fedhas
Gozag
Hepliaklqana
Kikubaaqudgha
Makhleb
Nemelex Xobeh
Okawaru
Qazlal
Ru
Sif Muna
Trog
Uskayaw
Vehumet
Wu Jian
Xom
Yredelemnul
Zin
The Shining One
Beogh
Jiyva

Shops:
D:9 ([:*   D:11 }   D:12 =   Orc:1 =   Orc:2 %!?}

Annotations:
D:3 1 runed translucent door, Crazy Yiuf
Lair:6 2 runed translucent doors


Innate Abilities, Weirdness & Mutations

You are very small and have problems with some larger weapons.
You are too small for most types of armour.
You have supernaturally acute eyesight. (SInv)
You are a herbivore.
You cover ground extremely quickly.
You need to consume almost no food.
You have large cloven feet.
Your flesh is cold resistant. (rC+)
You are very weak. (Str -4)
You expend magic power (3 MP) to strengthen your wands.


Message History

The spriggan rider is no longer sharing its pain.
The spriggan rider closely misses you.
Found a scroll labeled VUGALO BEOFA.
You enter the shallow water.
Moving in this stuff is going to be slow.
The swamp worm throws harpoon shot at you.
The harpoon shot hits you but does no damage.
The spriggan rider completely misses you.
The swamp worm throws harpoon shot at you.
The harpoon shot hits you!
* * * LOW HITPOINT WARNING * * *
You are yanked forward by the harpoon shot.
Unknown command.
You feel better.
The spriggan rider hits you but does no damage.
Uskayaw links your audience in an emotional bond!
The tyrant leech completely misses you.
The swamp worm throws harpoon shot at you.
The harpoon shot hits you!
You die...

♣.≈≈.... ♣♣ ♣(..≈≈≈♣
..♣ ♣.≈≈.≈.♣ .≈.♣ ≈
♣.≈§≈♣.♣♣♣.≈≈..≈
♣.≈.≈...♣.≈≈≈≈≈♣
♣.♣≈≈≈.§≈♣ ≈.≈.
♣$..wi≈≈.♣ ≈≈≈≈.
♣♣.[≈.w≈♣.♣..≈.≈?
♣...♣@♣≈≈....≈≈.♣
♣♣.......≈.≈♣.♣≈♣♣
♣♣≈.(♣.≈≈.≈....≈. ♣
♣.≈.†♣♣≈≈≈≈♣≈≈≈≈≈♣ ...
♣.≈...♣♣≈≈≈≈≈...♣♣
.≈≈§.♣♣≈≈..♣♣♣♣.≈≈≈≈..♣
≈≈§....<..♣♣ ♣♣≈≈≈≈≈..♣
≈≈..≈%.♣.♣♣ ♣....≈≈♣♣
.≈.≈≈..≈≈≈♣ .≈≈≈≈.♣


You could see a tyrant leech, a spriggan rider and a swamp worm.

Vanquished Creatures
  Jorgrun (Orc:2)
  Kirke (D:13)
  2 orc warlords (Orc:2)
  Louise (D:15)
  Azrael (D:14)
  A red draconian (Volcano)
  Snorg (Lair:3)
  A rakshasa (D:15)
  2 ice dragons (D:15)
  A vault guard (D:14)
  9 hydras
  4 centaur warriors
  A two-headed ogre (D:14)
  2 tengu warriors (D:15)
  2 death knights (D:14)
  An alligator (Swamp:1)
  3 orc high priests (Orc:2)
  Nergalle (D:10)
  Urug (Lair:4)
  5 skeletal warriors (D:15)
  A lindwurm (Lair:6)
  6 ugly things (D:15)
  4 orc sorcerers (Orc:2)
  7 orc knights
  An oklob plant (Lair:3)
  3 manticores
  9 black mambas
  4 elephants
  2 ice statues (IceCv)
  2 molten gargoyles (Lair:6)
  A gargoyle (D:13)
  A centaur skeleton (D:15)
  9 spiny frogs
  4 yaktaurs
  2 rime drakes
  2 freezing wraiths (D:14)
  2 kobold demonologists (D:13)
  7 ice devils (IceCv)
  9 komodo dragons
  9 trolls
  2 polar bears
  A hornet (D:14)
  10 slime creatures
  6 dream sheep
  10 blink frogs
  11 hippogriffs
  A shadow (D:8)
  4 wyverns
  4 wraiths
  4 fire elementals (D:14)
  51 yaks
  6 fire bats (Volcano)
  9 basilisks
  4 hogs
  3 steam dragons
  4 wargs
  3 hungry ghosts
  3 vampire mosquitoes (D:14)
  4 swamp worms
  Edmund (D:5)
  2 acid dragons
  8 porcupines
  20 water moccasins
  5 hell hounds
  A swamp drake (Swamp:1)
  4 sky beasts
  4 ice beasts
  37 orc warriors
  A phantom (D:7)
  5 black bears
  An eye of draining (shapeshifter) (D:14)
  2 eyes of draining
  3 necrophages (D:12)
  12 ogres
  10 centaurs
  12 crocodiles
  5 wolves
  4 big kobolds
  An elf zombie (Ossuary)
  18 bullfrogs
  A gnoll sergeant (D:10)
  A wyvern skeleton (D:8)
  9 scorpions
  A water moccasin skeleton (D:8)
  A killer bee (D:11)
  2 electric eels
  5 wights (D:10)
  3 howler monkeys (D:9)
  2 centaur zombies
  8 crimson imps
  12 lava snakes
  8 hounds
  18 orc priests
  3 bullfrog skeletons
  5 jellies
  19 orc wizards
  14 worker ants
  A hound skeleton (D:4)
  4 mummies
  A worker ant zombie (D:8)
  8 gnolls
  19 adders
  A shadow imp (D:5)
  10 white imps (IceCv)
  5 ufetubi (IceCv)
  An ooze (D:6)
  An adder zombie (D:6)
  An adder skeleton (D:4)
  3 dart slugs
  5 worms
  8 leopard geckos
  83 orcs
  3 ball pythons
  9 bats
  4 giant cockroaches
  7 goblins
  2 hobgoblins
  6 quokkas
  4 frilled lizards
  A giant cockroach zombie (D:5)
  3 goblin zombies
  2 hobgoblin zombies (Ossuary)
  16 kobolds
  3 kobold zombies (Ossuary)
  A leopard gecko skeleton (D:8)
  An orc zombie (D:6)
  9 rats
  2 plants
758 creatures vanquished.

Vanquished Creatures (others)
  A reaper (IceCv)
  A hippogriff (Lair:5)
  A fire bat (Volcano)
  A white imp (IceCv)
  5 ufetubi (IceCv)
  An orc (Orc:2)
  A hobgoblin zombie (Ossuary)
  A kobold zombie (Ossuary)
  5 fungi
  4 plants
21 creatures vanquished.

Grand Total: 779 creatures vanquished

Notes
Turn   | Place    | Note
-------+----------+-------------------------------------------
     0 | D:1      | Goreval the Spriggan Enchanter began the quest for the Orb.
     0 | D:1      | Reached XP level 1. HP: 9/9 MP: 5/5
   480 | D:1      | Reached XP level 2. HP: 12/13 MP: 6/6
   682 | D:1      | Learned a level 2 spell: Ensorcelled Hibernation
  1528 | D:2      | Reached skill level 5 in Stealth
  1546 | D:2      | Reached XP level 3. HP: 15/16 MP: 0/8
  2756 | D:2      | Learned a level 3 spell: Confuse
  2919 | D:2      | Reached XP level 4. HP: 21/21 MP: 9/9
  2926 | D:2      | Learned a level 3 spell: Dazzling Spray
  3512 | D:3      | Found a runed translucent door.
  3513 | D:3      | Noticed Crazy Yiuf
  3868 | D:4      | Noticed a phantom
  3875 | D:4      | Reached XP level 5. HP: 24/24 MP: 6/10
  4022 | D:4      | Found a staircase to the Ecumenical Temple.
  4036 | Temple   | Entered the Ecumenical Temple
  4292 | Temple   | Became a worshipper of Uskayaw the Reveler
  4321 | D:4      | Reached skill level 6 in Stealth
  4353 | D:4      | Reached * piety under Uskayaw
  4575 | D:4      | Reached skill level 5 in Hexes
  5571 | D:5      | Entered Level 5 of the Dungeon
  5607 | D:5      | Reached XP level 6. HP: 23/28 MP: 8/11
  5607 | D:5      | Reached ** piety under Uskayaw
  5800 | D:5      | Reached skill level 7 in Stealth
  5800 | D:5      | Reached *** piety under Uskayaw
  6037 | D:5      | Noticed Edmund
  6086 | D:5      | Killed Edmund
  6194 | D:5      | Reached XP level 7. HP: 25/32 MP: 5/12
  6209 | D:5      | Learned a level 3 spell: Tukima's Dance
  6267 | D:5      | Got a slimy hand axe
  6268 | D:5      | Identified the +4 hand axe of Benevolence {pain, Str+4
                  | Int+2} (You found it on level 5 of the Dungeon)
  6517 | D:6      | Reached skill level 5 in Dodging
  6570 | D:6      | Reached skill level 8 in Stealth
  6649 | D:6      | Found a sand-covered staircase.
  6683 | Ossuary  | Entered an ossuary
  6683 | Ossuary  | Noticed a wraith
  6683 | Ossuary  | Noticed a wraith
  6683 | Ossuary  | Noticed a wraith
  6742 | Ossuary  | Reached skill level 5 in Short Blades
  7370 | Ossuary  | Noticed a wraith
  7516 | D:6      | Reached XP level 8. HP: 36/36 MP: 4/13
  7678 | D:6      | Reached skill level 9 in Stealth
  8766 | D:6      | Reached skill level 10 in Stealth
  9076 | D:7      | Noticed a hippogriff
  9083 | D:7      | Killed a hippogriff
  9101 | D:7      | Reached XP level 9. HP: 39/39 MP: 6/14
 10159 | D:8      | Reached skill level 11 in Stealth
 10488 | D:9      | Found Zuluir's Book Boutique.
 10501 | D:9      | Found Ikha's Antique Armour Boutique.
 10552 | D:8      | Reached skill level 1 in Invocations
 10825 | D:8      | Noticed a yaktaur
 10846 | D:8      | Reached **** piety under Uskayaw
 11323 | D:8      | Killed a yaktaur
 11408 | D:8      | Reached XP level 10. HP: 38/44 MP: 13/18
 11420 | D:8      | Reached skill level 12 in Stealth
 11456 | D:8      | Reached skill level 5 in Spellcasting
 11867 | D:9      | Found Axai's Weapon Boutique.
 12567 | D:9      | Found a blossoming altar of Fedhas.
 12755 | D:9      | Found Jawozur's General Store.
 12921 | D:10     | Entered Level 10 of the Dungeon
 13138 | D:10     | Gained mutation: You expend magic power (3 MP) to
                  | strengthen your wands. [potion of mutation]
 13138 | D:10     | Gained mutation: Your flesh is cold resistant. (rC+)
                  | [potion of mutation]
 13199 | D:10     | Noticed Nergalle
 13716 | D:10     | Reached skill level 10 in Short Blades
 13724 | D:10     | Killed Nergalle
 13915 | D:10     | Reached skill level 13 in Stealth
 14278 | D:10     | Found a staircase to the Orcish Mines.
 14367 | D:10     | Found an opulent altar of Gozag.
 14668 | D:11     | Reached skill level 5 in Invocations
 14702 | D:11     | Found a staircase to the Lair.
 14754 | D:11     | Reached XP level 11. HP: 47/47 MP: 13/21
 14896 | D:10     | Identified 3 scrolls of acquirement
 15183 | D:11     | Found Sauj's Gadget Shop.
 15501 | Lair:1   | Entered Level 1 of the Lair of Beasts
 15591 | Lair:1   | Reached skill level 1 in Fighting
 15791 | Lair:1   | Got an iridescent falchion
 15807 | Lair:1   | Identified the +0 falchion of the Peculiar Beggars {holy,
                  | rElec rC+} (You found it on level 1 of the Lair of Beasts)
 16173 | Lair:1   | Reached ***** piety under Uskayaw
 16189 | Lair:1   | Reached skill level 14 in Stealth
 17071 | Lair:2   | You fall into a shaft and drop 1 floor!
 17549 | Lair:3   | Noticed an eight-headed hydra
 17552 | Lair:3   | Killed an eight-headed hydra
 17577 | Lair:3   | Reached XP level 12. HP: 46/56 MP: 16/22
 17686 | Lair:3   | Found a frozen archway.
 17715 | IceCv    | Entered an ice cave
 18062 | IceCv    | Killed a reaper
 18493 | IceCv    | Reached skill level 10 in Dodging
 18543 | IceCv    | HP: 2/58 [ice devil (6)]
 18551 | IceCv    | Reached skill level 15 in Stealth
 19449 | Lair:3   | Noticed Snorg
 19451 | Lair:3   | Killed Snorg
 20316 | Lair:4   | Noticed a five-headed hydra
 20693 | Lair:3   | Killed a five-headed hydra
 21164 | Lair:4   | Reached skill level 5 in Fighting
 21188 | Lair:4   | Found the +8 whip "Snakebite" {curare, rPois}
 21258 | Lair:4   | Found a hole to the Spider Nest.
 21298 | Lair:4   | Noticed Urug
 21512 | Lair:4   | Killed Urug
 21564 | Lair:4   | Reached XP level 13. HP: 63/63 MP: 21/23
 21782 | Lair:4   | Found a staircase to the Swamp.
 22348 | Lair:5   | Found the amulet of Vitality {Regen+ HP+15}
 22467 | Lair:5   | Reached skill level 16 in Stealth
 23279 | Lair:5   | Found a viscous altar of Jiyva.
 23279 | Lair:5   | Found a staircase to the Slime Pits.
 23368 | Lair:5   | Reached skill level 10 in Hexes
 23647 | Lair:6   | Entered Level 6 of the Lair of Beasts
 23926 | Lair:6   | Found a large runed translucent door.
 23927 | Lair:6   | Found a large runed translucent door.
 24289 | Lair:6   | Reached skill level 15 in Short Blades
 25076 | Lair:6   | Reached skill level 17 in Stealth
 25085 | Lair:6   | Noticed a fire dragon
 25394 | Lair:6   | Reached XP level 14. HP: 68/68 MP: 16/24
 25893 | D:12     | Found Qiammes's Jewellery Boutique.
 25958 | D:12     | Bought the ring of the Shining One's Hope {rElec rPois rF+
                  | Int+3} for 594 gold pieces
 25966 | D:12     | Bought an uncursed amulet of faith for 480 gold pieces
 26605 | D:13     | Noticed Kirke
 26644 | D:13     | Killed Kirke
 27287 | D:13     | Got a bloodstained spear
 27999 | D:13     | Learned a level 6 spell: Invisibility
 28089 | D:14     | Noticed Azrael
 28363 | D:14     | Found a gate to the Vaults.
 29015 | D:14     | Killed Azrael
 29159 | D:15     | Entered Level 15 of the Dungeon
 29263 | D:15     | Found a shadowy altar of Dithmenos.
 29340 | D:15     | Found a staircase to the Depths.
 29347 | D:15     | Reached skill level 18 in Stealth
 29605 | D:14     | Gained mutation: Your spells are a little harder to cast,
                  | but a little more powerful. [mutagenic glow]
 30087 | D:15     | Noticed Louise
 30098 | D:15     | Reached XP level 15. HP: 71/72 MP: 9/25
 30115 | D:15     | Killed Louise
 30534 | D:15     | Identified the +3 spear of Shame {venom, Str+4 Dex+2} (You
                  | found it on level 13 of the Dungeon)
 30818 | Orc:1    | Entered Level 1 of the Orcish Mines
 30819 | Orc:1    | Upgraded the game from 0.24.0-41-g2ae2f7f1be to
                  | 0.24.0-123-gd5b16e6ec5
 31002 | Orc:1    | Found Tiorilon's Jewellery Emporium.
 31487 | Orc:2    | Entered Level 2 of the Orcish Mines
 31500 | Orc:2    | Found a dark tunnel.
 31524 | Volcano  | Entered a volcano
 31837 | Volcano  | Gained mutation: Your body sometimes deteriorates upon
                  | taking damage. [mutagenic glow]
 31958 | Volcano  | Found a burning altar of Makhleb.
 31981 | Volcano  | Found a radiant altar of Vehumet.
 32085 | Orc:2    | Found a roughly hewn altar of Beogh.
 32091 | Orc:2    | Noticed Jorgrun
 32101 | Orc:2    | Killed Jorgrun
 32636 | Orc:2    | Reached skill level 19 in Stealth
 32726 | Orc:2    | Found a staircase to the Elven Halls.
 32786 | Orc:2    | Found Ritocwiu's Magic Scroll Boutique.
 32786 | Orc:2    | Found Nyohust's Gadget Emporium.
 32789 | Orc:2    | Found Seteed's Food Boutique.
 32789 | Orc:2    | Found Jytounge's Distillery.
 32797 | Orc:2    | Bought a scroll of enchant armour for 90 gold pieces
 32797 | Orc:2    | Bought a scroll of magic mapping for 42 gold pieces
 32804 | Orc:2    | Bought a potion of cancellation for 96 gold pieces
 32804 | Orc:2    | Bought a potion of curing for 36 gold pieces
 33054 | Orc:2    | Noticed an orc warlord
 33086 | Orc:2    | Noticed an orc warlord
 33087 | Orc:2    | Reached ****** piety under Uskayaw
 33092 | Orc:2    | Killed an orc warlord
 33204 | Orc:1    | Lost mutation: Your body sometimes deteriorates upon taking
                  | damage. [potion of mutation]
 33204 | Orc:1    | Lost mutation: You expend magic power (3 MP) to strengthen
                  | your wands. [potion of mutation]
 33204 | Orc:1    | Lost mutation: Your spells are a little harder to cast, but
                  | a little more powerful. [potion of mutation]
 33204 | Orc:1    | Gained mutation: You are weak. (Str -2) [potion of
                  | mutation]
 33204 | Orc:1    | Gained mutation: You expend magic power (3 MP) to
                  | strengthen your wands. [potion of mutation]
 33204 | Orc:1    | Gained mutation: You have large cloven feet. [potion of
                  | mutation]
 33232 | Orc:2    | Killed an orc warlord
 33364 | Orc:2    | Lost strength.
 33364 | Orc:2    | Gained mutation: You are very weak. (Str -4) [mutagenic
                  | glow]
 33655 | Orc:2    | Lost strength.
 33764 | Orc:2    | Got an iridescent quick blade
 33770 | Orc:2    | Learned a level 2 spell: Blink
 34027 | D:12     | Bought the ring of Doubt {+Fly rPois Str+3 Int+5} for 546
                  | gold pieces
 34031 | D:12     | Lost strength.
 34031 | D:12     | Identified the +4 quick blade of Wuats {freeze, rC- MP+9
                  | Int+5 Dex+2} (You found it on level 2 of the Orcish Mines)
 34197 | Swamp:1  | Entered Level 1 of the Swamp
 34236 | Swamp:1  | Reached skill level 1 in Translocations
 34261 | Swamp:1  | HP: 4/89 [swamp worm/harpoon shot (16)]
 34265 | Swamp:1  | Killed from afar by a swamp worm

Levels and vault maps discovered:
D:1:      minmay_arrival_split_and_join, layout_loops_ring, wad_woods_river_04,
          hangedman_abyss_or_decor_stabs, minmay_misc_feat_pillars
D:2:      layout_basic
D:3:      layout_loops_ring, uniq_crazy_yiuf_cottage
D:4:      layout_loops_corners, minmay_temple_entry_hall, first_ration
D:5:      layout_rooms, uniq_edmund
D:6:      layout_rooms, nicolae_ossuary_entry_giza
D:7:      layout_loops_cross, grunt_ogre_cave
D:8:      minmay_klotski, layout_basic, hex_medium
D:9:      layout_basic, fedhas_altar_4, serial_shops, nicolae_shop_statue_plus,
          nicolae_shop_stone, nicolae_shop_trees,
          nicolae_shop_temple_entry_statues_fountains
D:10:     layout_long_grid, orc_0_dummy, grunt_gozag_breadcrumbs, uniq_nergalle
D:11:     layout_cross, due_lair_maze_entry_diamond, serial_shops, shop,
          corexii_hall_statues_s
D:12:     layout_cave_pools, serial_shops, shop, evilmike_butchery
D:13:     layout_cave_pools, serial_co_window_serial, co_window_paths_a,
          co_window_corner_a, co_window_paths_a, co_window_paths_a,
          co_window_paths_a, co_window_broadway_c, co_window_broadway_b,
          co_window_2corner, glass_columns_a, minmay_misc_feat_rows, uniq_kirke
D:14:     layout_irregular_city, david_vaults_5, minmay_misc_feat_diagonals,
          uniq_azrael
D:15:     grunt_enter_depths_hoard, layout_rooms,
          nicolae_dithmenos_through_a_glass_darkly, gauntlet_entry_generic,
          uniq_louise
Temple:   nicolae_temple_the_god_donut
Lair:1:   layout_long_grid, serial_bayou_shore_b, infiniplex_staircase_pool_2
Lair:2:   layout_regular_city, lemuel_fruit_tree
Lair:3:   layout_chaotic_city, portal_ice_cave_entry_pillars_1,
          minmay_lair_oklob_chamber, grunt_megastairs_1,
          infiniplex_staircase_pool, uniq_snorg
Lair:4:   minmay_guarded_unrand_snakebite, layout_regular_city,
          nicolae_swamp_entry_splash_gauntlet, nicolae_spider_entry_non_spiders,
          uniq_urug
Lair:5:   layout_loops_ring, dpeg_slime_entry_enclosed_altar
Lair:6:   cheibrodos_lair_end_hotspot, layout_small_grid
Swamp:1:  layout_falls_marsh, hangedman_swamp_diagram
Orc:1:    layout_diamond_mine, serial_shops, shop
Orc:2:    grunt_orc_tribal_feast, layout_caves, nicolae_volcano_entry_lava_flow,
          basic_altar, minmay_orc_treasury, uniq_jorgrun

Skill      XL: |  1  2  3  4  5  6  7  8  9 10 11 12 13 14 15 |
---------------+----------------------------------------------+-----
Hexes          | 4 5 7 8 9 10 12 13 | 13.0
Spellcasting   | 3 4 6 |  6.0
Stealth        | 5 6 7 8 10 11 13 14 15 17 18 19 | 19.3
Short Blades   | 2 3 4 5 6 8 10 12 14 15 16 17 | 17.0
Dodging        | 4 5 6 7 9 11 12 13 14 | 14.7
Invocations    | 2 5 7 8 |  8.5
Fighting       | 3 5 6 |  6.3
Translocations | 1 |  1.2

Action                   |  1- 3 |  4- 6 |  7- 9 | 10-12 | 13-15 || total
-------------------------+-------+-------+-------+-------+-------++-------
Melee: Dagger            |   287 |   140 |   342 |   576 |   753 ||  2098
       Short sword       |       |       |       |   168 |    87 ||   255
       Quick blade       |       |       |       |       |    40 ||    40
       Kick              |       |       |       |       |     9 ||     9
       Hand axe          |       |       |       |       |     5 ||     5
Throw: Stone             |       |       |       |     1 |    13 ||    14
 Cast: Corona            |     3 |       |     1 |       |       ||     4
       Ensorcelled Hiber |    25 |    42 |   104 |   204 |   247 ||   622
       Confuse           |       |     4 |    37 |    58 |   123 ||   222
       Dazzling Spray    |       |     2 |     2 |    21 |    35 ||    60
       Invisibility      |       |       |       |       |    14 ||    14
Invok: Stomp             |       |     1 |       |       |     1 ||     2
       Grand Finale      |       |       |       |       |     1 ||     1
Evoke: Wand              |       |       |       |     4 |       ||     4
  Use: Scroll            |       |     8 |     6 |    14 |     8 ||    36
       Potion            |       |     1 |       |     6 |     3 ||    10
 Stab: Sleeping          |    26 |    31 |    72 |   143 |   166 ||   438
       Distracted        |       |     1 |       |     3 |     1 ||     5
       Confused          |       |     1 |    18 |    33 |    60 ||   112
       Paralysed         |       |       |     1 |    19 |    57 ||    77
       Invisible         |       |       |       |    10 |    80 ||    90
  Eat: Ration            |       |     3 |     7 |     7 |    12 ||    29
Armor: Robe              |     7 |     2 |    13 |     1 |       ||    23
       Steam dragon scal |       |       |       |    56 |    91 ||   147
Dodge: Dodged            |    86 |    82 |   244 |   496 |   873 ||  1781
